 Dungeon Crawl Stone Soup version 0.21.1-1-g345015f (webtiles) character file.

9117 tidbits the Covert (level 11, 43/81 HPs)
             Began as a Gnoll Enchanter on June 12, 2018.
             Was a Believer of Cheibriados.
             Quit the game on level 2 of the Abyss.
             The game lasted 00:29:53 (2732 turns).

tidbits the Covert (Gnoll Enchanter)                Turns: 2732, Time: 00:29:54

Health: 43/81      AC:  6    Str: 22    XL:     11   Next: 41%
Magic:  30/32      EV: 18    Int: 29    God:    Cheibriados [**....]
Gold:   355        SH:  6    Dex: 19    Spells: 11/26 levels left

rFire    . . .     SeeInvis .   a - +1 dagger
rCold    . . .     Gourm    .   D - +0 buckler
rNeg     . . .     Faith    .   B - +0 troll leather armour
rPois    +         Spirit   .   (no helmet)
rElec    .         Reflect  .   (no cloak)
rCorr    .         Harm     .   G - +0 pair of gloves of Hohevviago {Regen+ MP+9 Str+3}
MR       .....                  (no boots)
Stlth    ++++......             (no amulet)
HPRegen  1.03/turn              P - ring of poison resistance
MPRegen  0.23/turn              w - ring "Igacuj Moi" {Str+3 Int+5}

@: very slightly contaminated, very slow
A: distributed training, fangs 1, strong nose
a: Bend Time, Renounce Religion


You were on level 2 of the Abyss.
You worshipped Cheibriados.
Cheibriados was pleased with you.
You were not hungry.

You visited 3 branches of the dungeon, and saw 13 of its levels.
You visited the Abyss 1 time.
You also visited: Volcano.

You collected 592 gold pieces.
You spent 237 gold pieces at shops.

Inventory:

Hand Weapons
 a - a +1 dagger (weapon)
 b - a +0 flail
 l - a +0 shortbow
 A - a +0 quarterstaff
 F - a +0 flail of holy wrath
   (You took it off an orc on level 9 of the Dungeon)
Missiles
 j - 48 sling bullets
 s - 62 arrows
 y - 8 curare-tipped needles
 N - 7 javelins (quivered)
 Q - 4 tomahawks
Armour
 f - a +1 robe of fire resistance
   (You took it off a wizard in a volcano)
 q - the +5 ring mail of the Pleiades {-Tele rElec rC+ rN++}
   (You found it on level 5 of the Dungeon)

   It protects you from cold.
   It insulates you from electricity.
   It greatly protects you from negative energy.
   It prevents most forms of teleportation.
 B - a +0 troll leather armour (worn)
 D - a +0 buckler (worn)
 G - the +0 pair of gloves of Hohevviago (worn) {Regen+ MP+9 Str+3}
   (You bought it in a shop on level 1 of the Orcish Mines)

   It affects your strength (+3).
   It affects your magic capacity (+9).
   It increases your rate of regeneration.
 H - a +0 robe
 O - a +0 pair of gloves
Jewellery
 w - the ring "Igacuj Moi" (right hand) {Str+3 Int+5}
   (You acquired it on level 6 of the Dungeon)

   [ring of intelligence]

   It affects your strength (+3).
   It affects your intelligence (+5).
 P - a ring of poison resistance (left hand)
   (You found it on level 2 of the Dungeon)
Wands
 p - a wand of paralysis (8)
 E - a wand of acid (6)
 K - a wand of iceblast (3)
Scrolls
 e - 2 scrolls of fear
 g - a scroll of enchant weapon
 i - 2 scrolls of immolation
 m - a scroll of noise
 r - 2 scrolls of remove curse
 C - a scroll of teleportation
Potions
 k - a potion of haste
 n - 5 potions of curing {unknown}
 o - 3 potions of might
 t - 2 potions of mutation {unknown}
 u - 2 potions of heal wounds
 v - 2 potions of berserk rage
 z - a potion of lignification
 I - a potion of ambrosia {unknown}
 M - a potion of degeneration {unknown}
Books
 d - a book of Maledictions

   Spells                             Type                      Level
   a - Corona                         Hexes                        1
   b - Ensorcelled Hibernation        Hexes/Ice                    2
   c - Confuse                        Hexes                        3
   d - Tukima's Dance                 Hexes                        3
   e - Dazzling Spray                 Conjuration/Hexes            3
 h - a book of Cantrips
   (You found it on level 3 of the Dungeon)

   Spells                             Type                      Level
   a - Confusing Touch                Hexes                        1
   b - Animate Skeleton               Necromancy                   1
   c - Summon Small Mammal            Summoning                    1
   d - Apportation                    Translocation                1
 x - a book of Misfortune
   (You found it on level 5 of the Dungeon)

   Spells                             Type                      Level
   a - Confusing Touch                Hexes                        1
   b - Confuse                        Hexes                        3
   c - Gell's Gravitas                Translocation                3
   d - Petrify                        Transmutation/Earth          4
   e - Metabolic Englaciation         Hexes/Ice                    5
   f - Yara's Violent Unravelling     Hexes/Transmutation          5
Comestibles
 c - 7 rations


   Skills:
 + Level 6.1 Fighting
 + Level 6.7 Short Blades
 + Level 6.1 Long Blades
 + Level 6.1 Axes
 + Level 6.1 Maces & Flails
 + Level 6.1 Polearms
 + Level 6.1 Staves
 + Level 6.1 Slings
 + Level 6.1 Bows
 + Level 6.1 Crossbows
 + Level 6.1 Throwing
 + Level 6.1 Armour
 + Level 7.7 Dodging
 + Level 8.7 Stealth
 + Level 6.1 Shields
 + Level 6.1 Unarmed Combat
 + Level 8.0 Spellcasting
 + Level 5.1 Conjurations
 + Level 7.5 Hexes
 + Level 5.1 Charms
 + Level 5.1 Summonings
 + Level 5.1 Necromancy
 + Level 5.1 Translocations
 + Level 5.1 Transmutations
 + Level 5.1 Fire Magic
 + Level 5.1 Ice Magic
 + Level 5.1 Air Magic
 + Level 5.1 Earth Magic
 + Level 5.1 Poison Magic
 + Level 6.7 Invocations
 + Level 6.1 Evocations


You had 11 spell levels left.
You knew the following spells:

 Your Spells              Type           Power        Failure   Level  Hunger
c - Confuse               Hex            ######..     1%          3    None
d - Dazzling Spray        Conj/Hex       #####.       1%          3    None
e - Ensorcelled Hibernat  Hex/Ice        #####.       1%          2    None
n - Animate Skeleton      Necr           N/A          1%          1    None
y - Yara's Violent Unrav  Hex/Tmut       #####.....   11%         5    ####...
A - Apportation           Tloc           #####.       1%          1    None


Dungeon Overview and Level Annotations

Branches:
Dungeon (10/15)            Temple (1/1) D:7             Orc (2/2) D:9
   Lair: D:8-11         Elf: Orc:2

Altars:
Ashenzari
Cheibriados
Fedhas
Kikubaaqudgha
Uskayaw
Xom
The Shining One

Shops:
D:9 (   Orc:1 [   Orc:2 [!

Annotations:
D:7 exclusion: ice statue
D:8 Erica


Innate Abilities, Weirdness & Mutations

Your experience applies equally to all skills.
You have very sharp teeth.
Your uncanny sense of smell can sniff out nearby items.


Message History

There is an open door, spattered with blood here.
Things that are here:
a mace of flaming; a chunk of flesh; a human skeleton Eat a chunk of flesh? (ye/n/q)
You eat the chunk of flesh.
This raw flesh tastes terrible.
You open the door.
Unknown command.
There is an open door here.
You open the door.
A wizard comes into view. It is wielding a mace of flaming.
There is an open door here.
The helpless wizard fails to defend itself.
You spit the wizard like a pig!!!
You kill the wizard!
Cheibriados appreciates the change of pace.
Your Fighting skill increases to level 6!
Your Long Blades skill increases to level 6!
Your Axes skill increases to level 6!
Your Maces & Flails skill increases to level 6!
Your Polearms skill increases to level 6!
Your Staves skill increases to level 6!
Your Slings skill increases to level 6!
Your Bows skill increases to level 6!
Your Crossbows skill increases to level 6!
Your Throwing skill increases to level 6!
Your Armour skill increases to level 6!
Your Shields skill increases to level 6!
Your Unarmed Combat skill increases to level 6!
Your Conjurations skill increases to level 5!
Your Charms skill increases to level 5!
Your Summonings skill increases to level 5!
Your Necromancy skill increases to level 5!
Your Translocations skill increases to level 5!
Your Transmutations skill increases to level 5!
Your Fire Magic skill increases to level 5!
Your Ice Magic skill increases to level 5!
Your Air Magic skill increases to level 5!
Your Earth Magic skill increases to level 5!
Your Poison Magic skill increases to level 5!
Your Evocations skill increases to level 6!
Things that are here:
a mace of flaming; a robe of fire resistance; a human corpse You flicker for a moment.
There is an open door here.
The air gets thick with the scent of sulphur.
You flicker back into view.
In the distance, the volcano erupts with a roar.
You open the door.
Unknown command.
A wizard comes into view. It is wielding a mace of flaming.
There is an open door here.
The helpless wizard fails to defend itself.
You skewer the wizard like a kebab!!!
You kill the wizard!
Cheibriados appreciates the change of pace.
Your Spellcasting skill increases to level 8!
Things that are here:
a mace of flaming; a robe of fire resistance
There is an open door here.
You open the door.
Found a rocky tunnel leading out of this place.
Unknown command.
There is an open door here.
As you open the door, it creaks loudly!
A toenail golem and a wizard come into view.
The wizard is wielding a mace of flaming.
You hear a shout!
The wizard shouts!
A wizard comes into view. It is wielding a mace of flaming.
The air gets thick with the scent of sulphur.
The wizard gestures at you while chanting.
The stone arrow hits you!
* * * LOW HITPOINT WARNING * * *
Found a ration.
There is an open door, spattered with blood here.
Unknown command.
Casting: Ensorcelled Hibernation
Confirm with . or Enter, or press ? or * to list all spells.
Aiming: Ensorcelled Hibernation
Press: ? - help, Shift-Dir - straight line, f - wizard
Aim: a wizard, wielding a mace of flaming and wearing a robe of fire resistance (chance to defeat MR: 37%)
The wizard looks drowsy...
The wizard shouts!
You block the wizard's attack. The toenail golem closely misses you.
Evoke which item? (* to show all) (? for menu, Esc to quit)
Aiming: Paralyse
Press: ? - help, Shift-Dir - straight line, f/p - wizard
Aim: a wizard, wielding a mace of flaming and wearing a robe of fire resistance (chance to defeat MR: 29%)
The wizard suddenly stops moving!
In the distance, the volcano erupts with a roar.
The wizard casts a spell.
The wizard flickers and vanishes!
The toenail golem barely misses you.
The helpless wizard fails to defend itself.
You perforate the wizard like a sieve!!!
You kill the wizard!
You hear some strange, mumbled words.
You are cast into the Abyss!
To return, you must find a gate leading back.
Killing monsters will force the Abyss to allow you passage.
You feel Cheibriados slowing down the madness of this place.
This branch contains the abyssal rune of Zot.
Are you sure you want to abandon this character and quit the game? (Confirm with "yes".)

.≈. .≈≈# ...#.
∆ ... ... ##'#
#####..
#...#......≈
#.∩.@.......
.......#.......
...#### .##.##.
. ## #


There were no monsters in sight!

Vanquished Creatures
  A two-headed ogre (Orc:1)
  4 wizards (Volcano)
  An orc knight (Orc:1)
  2 orc sorcerers
  2 toenail golems (Volcano)
  4 trolls
  A hippogriff (D:7)
  2 slime creatures (D:9)
  A steam dragon (D:9)
  A warg (Orc:1)
  2 ice beasts
  2 orc warriors (Orc:1)
  A phantom (D:4)
  A sky beast (D:6)
  9 ogres
  2 centaurs
  5 bullfrogs
  A scorpion (D:5)
  A water moccasin skeleton (D:4)
  4 killer bees (D:9)
  8 wights (D:7)
  A howler monkey (D:4)
  2 crimson imps (D:6)
  A centaur zombie (D:5)
  4 hounds
  3 orc priests
  A jelly (D:4)
  2 iguanas
  3 orc wizards
  A hell rat (D:9)
  4 worker ants
  A hound zombie (D:5)
  9 adders
  An adder zombie (D:7)
  An adder skeleton (D:4)
  A dart slug (D:3)
  A worm (D:4)
  2 leopard geckos
  26 orcs
  A giant cockroach (D:5)
  A goblin (D:2)
  2 jackals (D:6)
  5 quokkas
  2 frilled lizards (D:5)
  A kobold (D:2)
  A leopard gecko zombie (D:9)
  2 rats (D:2)
134 creatures vanquished.

Vanquished Creatures (others)
  A hound (D:5)
  An orc wizard (D:5)
2 creatures vanquished.

Grand Total: 136 creatures vanquished

Notes
Turn   | Place    | Note
-------+----------+-------------------------------------------
     0 | D:1      | tidbits the Gnoll Enchanter began the quest for the Orb.
     0 | D:1      | Reached XP level 1. HP: 13/13 MP: 6/6
   122 | D:2      | Reached XP level 2. HP: 12/20 MP: 5/7
   126 | D:2      | Learned a level 2 spell: Ensorcelled Hibernation
   150 | D:2      | HP: 2/20 [adder (3)]
   201 | D:3      | Reached XP level 3. HP: 7/25 MP: 6/9
   206 | D:3      | Learned a level 1 spell: Apportation
   210 | D:3      | Learned a level 3 spell: Confuse
   212 | D:3      | Learned a level 1 spell: Animate Skeleton
   216 | D:3      | Learned a level 3 spell: Dazzling Spray
   227 | D:4      | Reached skill level 6 in Stealth
   227 | D:4      | Reached skill level 5 in Spellcasting
   232 | D:4      | Found a shattered altar of Ashenzari.
   235 | D:4      | Reached skill level 1 in Invocations
   250 | D:5      | Entered Level 5 of the Dungeon
   330 | D:4      | Reached skill level 1 in Fighting
   330 | D:4      | Reached skill level 1 in Long Blades
   330 | D:4      | Reached skill level 1 in Axes
   330 | D:4      | Reached skill level 1 in Maces & Flails
   330 | D:4      | Reached skill level 1 in Polearms
   330 | D:4      | Reached skill level 1 in Staves
   330 | D:4      | Reached skill level 1 in Slings
   330 | D:4      | Reached skill level 1 in Bows
   330 | D:4      | Reached skill level 1 in Crossbows
   330 | D:4      | Reached skill level 1 in Throwing
   330 | D:4      | Reached skill level 1 in Armour
   330 | D:4      | Reached skill level 1 in Shields
   330 | D:4      | Reached skill level 1 in Unarmed Combat
   330 | D:4      | Reached skill level 1 in Evocations
   330 | D:4      | Reached XP level 4. HP: 22/32 MP: 6/11
   340 | D:4      | Found a blossoming altar of Fedhas.
   352 | D:4      | Noticed an ogre
   359 | D:4      | Killed an ogre
   359 | D:4      | Reached skill level 3 in Short Blades
   359 | D:4      | Reached skill level 1 in Conjurations
   359 | D:4      | Reached skill level 1 in Charms
   359 | D:4      | Reached skill level 1 in Summonings
   359 | D:4      | Reached skill level 1 in Necromancy
   359 | D:4      | Reached skill level 1 in Translocations
   359 | D:4      | Reached skill level 1 in Transmutations
   359 | D:4      | Reached skill level 1 in Fire Magic
   359 | D:4      | Reached skill level 1 in Ice Magic
   359 | D:4      | Reached skill level 1 in Air Magic
   359 | D:4      | Reached skill level 1 in Earth Magic
   359 | D:4      | Reached skill level 1 in Poison Magic
   359 | D:4      | Reached XP level 5. HP: 29/37 MP: 9/12
   365 | D:4      | Noticed a phantom
   371 | D:4      | Killed a phantom
   371 | D:4      | Reached skill level 2 in Invocations
   371 | D:4      | Reached XP level 6. HP: 36/44 MP: 11/13
   376 | D:4      | Found a hide-covered altar of Uskayaw.
   407 | D:5      | Got an amethyst-encrusted ring mail
   418 | D:5      | Identified the +5 ring mail of the Pleiades {-Tele rElec rC+ rN++} (You found it on level 5 of the Dungeon)
   509 | D:5      | Reached skill level 5 in Dodging
   515 | D:5      | Reached skill level 2 in Fighting
   515 | D:5      | Reached skill level 2 in Long Blades
   515 | D:5      | Reached skill level 2 in Axes
   515 | D:5      | Reached skill level 2 in Maces & Flails
   515 | D:5      | Reached skill level 2 in Polearms
   515 | D:5      | Reached skill level 2 in Staves
   515 | D:5      | Reached skill level 2 in Slings
   515 | D:5      | Reached skill level 2 in Bows
   515 | D:5      | Reached skill level 2 in Crossbows
   515 | D:5      | Reached skill level 2 in Throwing
   515 | D:5      | Reached skill level 2 in Armour
   515 | D:5      | Reached skill level 2 in Shields
   515 | D:5      | Reached skill level 2 in Unarmed Combat
   515 | D:5      | Reached skill level 2 in Evocations
   649 | D:4      | Reached XP level 7. HP: 47/50 MP: 10/15
   702 | D:4      | Reached skill level 2 in Conjurations
   702 | D:4      | Reached skill level 2 in Charms
   702 | D:4      | Reached skill level 2 in Summonings
   702 | D:4      | Reached skill level 2 in Necromancy
   702 | D:4      | Reached skill level 2 in Translocations
   702 | D:4      | Reached skill level 2 in Transmutations
   702 | D:4      | Reached skill level 2 in Fire Magic
   702 | D:4      | Reached skill level 2 in Ice Magic
   702 | D:4      | Reached skill level 2 in Air Magic
   702 | D:4      | Reached skill level 2 in Earth Magic
   702 | D:4      | Reached skill level 2 in Poison Magic
   840 | D:5      | Found a shimmering altar of Xom.
  1071 | D:6      | Reached skill level 3 in Invocations
  1176 | D:6      | Identified a scroll of acquirement
  1178 | D:6      | Got a sparkling bronze ring
  1179 | D:6      | Identified the ring "Igacuj Moi" {Str+3 Int+5} (You acquired it on level 6 of the Dungeon)
  1185 | D:6      | Reached skill level 6 in Hexes
  1185 | D:6      | Reached XP level 8. HP: 56/57 MP: 13/16
  1280 | D:7      | Found a glowing golden altar of the Shining One.
  1291 | D:7      | Reached skill level 3 in Fighting
  1291 | D:7      | Reached skill level 4 in Short Blades
  1291 | D:7      | Reached skill level 3 in Long Blades
  1291 | D:7      | Reached skill level 3 in Axes
  1291 | D:7      | Reached skill level 3 in Maces & Flails
  1291 | D:7      | Reached skill level 3 in Polearms
  1291 | D:7      | Reached skill level 3 in Staves
  1291 | D:7      | Reached skill level 3 in Slings
  1291 | D:7      | Reached skill level 3 in Bows
  1291 | D:7      | Reached skill level 3 in Crossbows
  1291 | D:7      | Reached skill level 3 in Throwing
  1291 | D:7      | Reached skill level 3 in Armour
  1291 | D:7      | Reached skill level 3 in Shields
  1291 | D:7      | Reached skill level 3 in Unarmed Combat
  1291 | D:7      | Reached skill level 3 in Evocations
  1380 | D:7      | Reached skill level 6 in Spellcasting
  1489 | D:8      | Found an ancient bone altar of Kikubaaqudgha.
  1530 | D:7      | Found a glowing golden altar of the Shining One.
  1589 | D:7      | Noticed a hippogriff
  1598 | D:7      | Killed a hippogriff
  1598 | D:7      | Reached skill level 7 in Stealth
  1598 | D:7      | Reached skill level 3 in Conjurations
  1598 | D:7      | Reached skill level 3 in Charms
  1598 | D:7      | Reached skill level 3 in Summonings
  1598 | D:7      | Reached skill level 3 in Necromancy
  1598 | D:7      | Reached skill level 3 in Translocations
  1598 | D:7      | Reached skill level 3 in Transmutations
  1598 | D:7      | Reached skill level 3 in Fire Magic
  1598 | D:7      | Reached skill level 3 in Ice Magic
  1598 | D:7      | Reached skill level 3 in Air Magic
  1598 | D:7      | Reached skill level 3 in Earth Magic
  1598 | D:7      | Reached skill level 3 in Poison Magic
  1598 | D:7      | Reached skill level 4 in Invocations
  1667 | D:7      | Noticed an ice statue
  1671 | D:7      | Reached XP level 9. HP: 65/65 MP: 15/18
  1683 | D:7      | Reached skill level 6 in Dodging
  1761 | D:8      | Noticed Erica
  1831 | D:7      | Found a staircase to the Ecumenical Temple.
  1839 | Temple   | Entered the Ecumenical Temple
  1860 | Temple   | Became a worshipper of Cheibriados the Contemplative
  1926 | D:7      | Reached skill level 4 in Fighting
  1926 | D:7      | Reached skill level 4 in Long Blades
  1926 | D:7      | Reached skill level 4 in Axes
  1926 | D:7      | Reached skill level 4 in Maces & Flails
  1926 | D:7      | Reached skill level 4 in Polearms
  1926 | D:7      | Reached skill level 4 in Staves
  1926 | D:7      | Reached skill level 4 in Slings
  1926 | D:7      | Reached skill level 4 in Bows
  1926 | D:7      | Reached skill level 4 in Crossbows
  1926 | D:7      | Reached skill level 4 in Throwing
  1926 | D:7      | Reached skill level 4 in Armour
  1926 | D:7      | Reached skill level 4 in Shields
  1926 | D:7      | Reached skill level 4 in Unarmed Combat
  1926 | D:7      | Reached skill level 4 in Evocations
  1984 | D:9      | Reached skill level 5 in Short Blades
  2000 | D:9      | Noticed a troll
  2005 | D:9      | Killed a troll
  2133 | D:9      | Reached * piety under Cheibriados
  2142 | D:9      | Reached skill level 5 in Invocations
  2159 | D:10     | Entered Level 10 of the Dungeon
  2159 | D:10     | Noticed a hellwing
  2161 | D:10     | Noticed a hellwing
  2201 | D:9      | Killed a large slime creature
  2201 | D:9      | Reached skill level 7 in Spellcasting
  2201 | D:9      | Reached skill level 4 in Conjurations
  2201 | D:9      | Reached skill level 4 in Charms
  2201 | D:9      | Reached skill level 4 in Summonings
  2201 | D:9      | Reached skill level 4 in Necromancy
  2201 | D:9      | Reached skill level 4 in Translocations
  2201 | D:9      | Reached skill level 4 in Transmutations
  2201 | D:9      | Reached skill level 4 in Fire Magic
  2201 | D:9      | Reached skill level 4 in Ice Magic
  2201 | D:9      | Reached skill level 4 in Air Magic
  2201 | D:9      | Reached skill level 4 in Earth Magic
  2201 | D:9      | Reached skill level 4 in Poison Magic
  2201 | D:9      | Reached XP level 10. HP: 33/73 MP: 16/20
  2210 | D:9      | Found Goufif's Weapon Boutique.
  2282 | D:10     | Noticed a death yak
  2286 | D:10     | Noticed a death yak
  2362 | D:9      | Found a staircase to the Orcish Mines.
  2367 | Orc:1    | Entered Level 1 of the Orcish Mines
  2367 | Orc:1    | Noticed an orc knight
  2369 | Orc:1    | Found Luokk's Antique Armour Shop.
  2385 | Orc:1    | Bought a pair of transparent gloves for 237 gold pieces
  2395 | Orc:1    | Identified the +0 pair of gloves of Hohevviago {Regen+ MP+9 Str+3} (You bought it in a shop on level 1 of the Orcish Mines)
  2401 | Orc:1    | Learned a level 5 spell: Yara's Violent Unravelling
  2443 | Orc:2    | Entered Level 2 of the Orcish Mines
  2443 | Orc:2    | Found Zal Witt's Distillery.
  2443 | Orc:2    | Found Defulu's Armour Shoppe.
  2443 | Orc:2    | Noticed a two-headed ogre
  2443 | Orc:2    | Noticed a cyclops
  2443 | Orc:2    | Noticed an orc sorcerer
  2444 | Orc:2    | Killed an orc sorcerer
  2444 | Orc:2    | Reached skill level 5 in Fighting
  2444 | Orc:2    | Reached skill level 5 in Long Blades
  2444 | Orc:2    | Reached skill level 5 in Axes
  2444 | Orc:2    | Reached skill level 5 in Maces & Flails
  2444 | Orc:2    | Reached skill level 5 in Polearms
  2444 | Orc:2    | Reached skill level 5 in Staves
  2444 | Orc:2    | Reached skill level 5 in Slings
  2444 | Orc:2    | Reached skill level 5 in Bows
  2444 | Orc:2    | Reached skill level 5 in Crossbows
  2444 | Orc:2    | Reached skill level 5 in Throwing
  2444 | Orc:2    | Reached skill level 5 in Armour
  2444 | Orc:2    | Reached skill level 5 in Shields
  2444 | Orc:2    | Reached skill level 5 in Unarmed Combat
  2444 | Orc:2    | Reached skill level 5 in Evocations
  2446 | Orc:2    | Noticed a two-headed ogre
  2446 | Orc:2    | Reached skill level 7 in Hexes
  2447 | Orc:2    | Noticed a two-headed ogre
  2447 | Orc:2    | Noticed a two-headed ogre
  2447 | Orc:2    | Noticed a two-headed ogre
  2447 | Orc:2    | Noticed an ogre mage
  2447 | Orc:2    | Noticed a two-headed ogre
  2447 | Orc:2    | Reached skill level 7 in Dodging
  2447 | Orc:2    | Reached skill level 8 in Stealth
  2496 | Orc:1    | Noticed a two-headed ogre
  2498 | Orc:1    | Killed a two-headed ogre
  2498 | Orc:1    | Reached skill level 6 in Short Blades
  2507 | Orc:1    | Reached skill level 6 in Invocations
  2561 | Orc:1    | Noticed an orc sorcerer
  2565 | Orc:1    | Noticed an orange demon
  2571 | Orc:1    | Killed an orc knight
  2572 | Orc:1    | Killed an orc sorcerer
  2572 | Orc:1    | Reached XP level 11. HP: 66/81 MP: 9/22
  2577 | Orc:1    | Reached ** piety under Cheibriados
  2642 | Orc:2    | Found a dark tunnel.
  2650 | Volcano  | Entered a volcano
  2652 | Volcano  | Noticed a wizard
  2674 | Volcano  | Paralysed by a wizard for 6 turns
  2684 | Volcano  | Killed a wizard
  2697 | Volcano  | Noticed a wizard
  2700 | Volcano  | Killed a wizard
  2700 | Volcano  | Reached skill level 6 in Fighting
  2700 | Volcano  | Reached skill level 6 in Long Blades
  2700 | Volcano  | Reached skill level 6 in Axes
  2700 | Volcano  | Reached skill level 6 in Maces & Flails
  2700 | Volcano  | Reached skill level 6 in Polearms
  2700 | Volcano  | Reached skill level 6 in Staves
  2700 | Volcano  | Reached skill level 6 in Slings
  2700 | Volcano  | Reached skill level 6 in Bows
  2700 | Volcano  | Reached skill level 6 in Crossbows
  2700 | Volcano  | Reached skill level 6 in Throwing
  2700 | Volcano  | Reached skill level 6 in Armour
  2700 | Volcano  | Reached skill level 6 in Shields
  2700 | Volcano  | Reached skill level 6 in Unarmed Combat
  2700 | Volcano  | Reached skill level 5 in Conjurations
  2700 | Volcano  | Reached skill level 5 in Charms
  2700 | Volcano  | Reached skill level 5 in Summonings
  2700 | Volcano  | Reached skill level 5 in Necromancy
  2700 | Volcano  | Reached skill level 5 in Translocations
  2700 | Volcano  | Reached skill level 5 in Transmutations
  2700 | Volcano  | Reached skill level 5 in Fire Magic
  2700 | Volcano  | Reached skill level 5 in Ice Magic
  2700 | Volcano  | Reached skill level 5 in Air Magic
  2700 | Volcano  | Reached skill level 5 in Earth Magic
  2700 | Volcano  | Reached skill level 5 in Poison Magic
  2700 | Volcano  | Reached skill level 6 in Evocations
  2710 | Volcano  | Noticed a wizard
  2712 | Volcano  | Killed a wizard
  2712 | Volcano  | Reached skill level 8 in Spellcasting
  2726 | Volcano  | Noticed a wizard
  2727 | Volcano  | Noticed a wizard
  2731 | Volcano  | Killed a wizard
  2731 | Volcano  | Cast into level 2 of the Abyss (a wizard)
  2732 | Abyss:2  | Quit the game

Skill      XL: |  1  2  3  4  5  6  7  8  9 10 11 |
---------------+----------------------------------+-----
Stealth        | 6 7 8 |  8.7
Spellcasting   | 5 6 7 8 |  8.0
Invocations    | 1 2 3 4 5 6 |  6.7
Fighting       | 1 2 3 4 5 6 |  6.1
Long Blades    | 1 2 3 4 5 6 |  6.1
Axes           | 1 2 3 4 5 6 |  6.1
Maces & Flails | 1 2 3 4 5 6 |  6.1
Polearms       | 1 2 3 4 5 6 |  6.1
Staves         | 1 2 3 4 5 6 |  6.1
Slings         | 1 2 3 4 5 6 |  6.1
Bows           | 1 2 3 4 5 6 |  6.1
Crossbows      | 1 2 3 4 5 6 |  6.1
Throwing       | 1 2 3 4 5 6 |  6.1
Armour         | 1 2 3 4 5 6 |  6.1
Shields        | 1 2 3 4 5 6 |  6.1
Unarmed Combat | 1 2 3 4 5 6 |  6.1
Evocations     | 1 2 3 4 5 6 |  6.1
Short Blades   | 3 4 5 6 |  6.7
Conjurations   | 1 2 3 4 5 |  5.1
Charms         | 1 2 3 4 5 |  5.1
Summonings     | 1 2 3 4 5 |  5.1
Necromancy     | 1 2 3 4 5 |  5.1
Translocations | 1 2 3 4 5 |  5.1
Transmutations | 1 2 3 4 5 |  5.1
Fire Magic     | 1 2 3 4 5 |  5.1
Ice Magic      | 1 2 3 4 5 |  5.1
Air Magic      | 1 2 3 4 5 |  5.1
Earth Magic    | 1 2 3 4 5 |  5.1
Poison Magic   | 1 2 3 4 5 |  5.1
Dodging        | 5 6 7 |  7.7
Hexes          | 6 7 |  7.5

Action                   |  1- 3 |  4- 6 |  7- 9 | 10-12 || total
-------------------------+-------+-------+-------+-------++-------
Melee: Dagger            |    25 |    22 |   142 |    54 ||   243
       Bite              |     1 |     1 |    13 |     5 ||    20
       Punch             |       |     1 |       |       ||     1
       Flail             |       |       |     6 |       ||     6
 Cast: Corona            |     6 |     1 |       |       ||     7
       Ensorcelled Hiber |     7 |    14 |    53 |    28 ||   102
       Confuse           |     1 |     1 |     6 |       ||     8
       Dazzling Spray    |       |       |     2 |       ||     2
       Apportation       |       |       |     3 |    11 ||    14
       Yara's Violent Un |       |       |       |     1 ||     1
Evoke: Wand              |       |     6 |    20 |     7 ||    33
  Use: Potion            |     2 |       |       |     1 ||     3
       Scroll            |     1 |     3 |     8 |     2 ||    14
 Stab: Sleeping          |     5 |     8 |    53 |    20 ||    86
       Invisible         |     1 |       |     1 |     5 ||     7
       Confused          |     2 |     1 |     4 |       ||     7
       Paralysed         |       |     6 |    13 |     2 ||    21
  Eat: Chunk             |       |       |     5 |     1 ||     6
Armor: Robe              |     2 |       |    10 |       ||    12
       Troll leather arm |       |       |     7 |     7 ||    14
Dodge: Dodged            |    21 |     7 |    68 |    51 ||   147
Block: Buckler           |       |     2 |    34 |    10 ||    46

Table legend:
 A = Turns spent in this place as a percentage of turns spent in the entire game.
 B = Non-inter-level travel turns spent in this place as a percentage of non-inter-level travel turns spent in the entire game.
 C = Inter-level travel turns spent in this place as a percentage of turns spent in this place.
 D = Turns resting spent in this place as a percentage of non-inter-level travel turns spent in this place.
 E = Turns spent auto-exploring this place as a percentage of non-inter-level travel turns spent in this place.
 F = Non-inter-level travel turns spent in this place divided by the number of levels of this place that you've seen.
                   A       B       C       D       E      F
               +-------+-------+-------+-------+-------+----------------------
         Total | 100.0 | 100.0 |   2.4 |   0.0 |   0.0 | 177.8
       Dungeon |  85.2 |  85.4 |   2.1 |   0.0 |   0.0 | 227.8
        Temple |   1.4 |   0.9 |  38.5 |   0.0 |   0.0 |  24.0
  Orcish Mines |  10.4 |  10.6 |   0.0 |   0.0 |   0.0 | 141.5
         Abyss |   0.0 |   0.0 |   0.0 |   0.0 |   0.0 |   1.0
       Volcano |   3.0 |   3.0 |   0.0 |   0.0 |   0.0 |  81.0
               +-------+-------+-------+-------+-------+----------------------

Table legend:
 A = Kills in this place as a percentage of kills in entire the game.
 B = Kills by you in this place as a percentage of kills by you in the entire game.
 C = Kills by friends in this place as a percentage of kills by friends in the entire game.
 D = Other kills in this place as a percentage of other kills in the entire game.
 E = Experience gained in this place as a percentage of experience gained in the entire game.
 F = Experience gained in this place divided by the number of levels of this place that you have seen.
                   A       B       C       D       E      F
               +-------+-------+-------+-------+-------+----------------------
         Total | 100.0 | 100.0 |   N/A | 100.0 | 100.0 | 868.3
       Dungeon |  76.1 |  75.9 |   N/A | 100.0 |  38.7 | 504.2
        Temple |   0.7 |   0.8 |   N/A |   0.0 |   0.0 |   2.0
  Orcish Mines |  18.7 |  18.8 |   N/A |   0.0 |  36.0 | 2342.5
       Volcano |   4.5 |   4.5 |   N/A |   0.0 |  25.3 | 3296.0
               +-------+-------+-------+-------+-------+----------------------

Vault maps used:
D:1:      elethiomel_arrival_shortcut
D:2:      minmay_tetromino_t2
D:3:      kennysheep_decorative_pillar
D:4:      eat_drink_and_be_merry_uskayaw, kennysheep_little_box, zin_angel,
          lemuel_doored_altar
D:5:      xom_confusion_cloud, first_ration
D:7:      lemuel_ice_statue, old_standard_altar, minmay_temple_entry_trees,
          tso_metal_star
D:8:      nicolae_overflow_crystal_walls, hangedman_pestilent_swarm,
          kennysheep_generic_room_13, uniq_erica
D:9:      orc_0_dummy, serial_shops, nicolae_shop_waterfront
D:10:     cheibrodos_grave_circle, dpeg_lair_monsters
Temple:   regret_index_temple_generic_petals
Orc:1:    serial_shops, nicolae_shop_waterfront
Orc:2:    st_orc_open, lab_entry_generic, basic_altar,
          lightli_volcano_entry_magma_tube
Abyss:2:  minivault_1
Volcano:  volcano_bunker
